 Dungeon Crawl Stone Soup version 0.20.0-15-g7f486f2 (webtiles) character file.

56 tilp the Firebug (level 3, -6/26 HPs)
             Began as a Hill Orc Fire Elementalist on June 9, 2017.
             Splashed by a jelly's acid (10 damage)
             ... on level 2 of the Dungeon.
             The game lasted 00:06:55 (1748 turns).

tilp the Firebug (Hill Orc Fire Elementalist)       Turns: 1748, Time: 00:06:56

Health: -6/26      AC:  2    Str: 10    XL:     3   Next: 95%
Magic:  0/6        EV: 12    Int: 16    God:
Gold:   147        SH:  0    Dex: 11    Spells: 5/6 levels left

rFire    . . .     SeeInvis .   o - +0 dagger (freeze)
rCold    . . .     Gourm    .   (no shield)
rNeg     . . .     Faith    .   a - +0 robe
rPois    .         Spirit   .   (no helmet)
rElec    .         Reflect  .   (no cloak)
rCorr    .         Harm     .   (no gloves)
MR       .....                  (no boots)
Stlth    ++........             (no amulet)
Regen    0.1/turn               (no ring)
MPRegen  0.1/turn               (no ring)

@: very slightly contaminated
A: no striking features
a: no special abilities


You were on level 2 of the Dungeon.
You were not hungry.

You visited 1 branch of the dungeon, and saw 2 of its levels.

You collected 147 gold pieces.

Inventory:

Hand Weapons
 d - a +0 dagger
 g - a +0 short sword
 o - a +0 dagger of freezing (weapon)
Armour
 a - a +0 robe (worn)
Jewellery
 f - an uncursed amulet of harm {unknown}
 i - an uncursed ring of flight {unknown}
Scrolls
 e - 2 scrolls of teleportation {unknown}
 h - a scroll of enchant weapon {unknown}
 j - 3 scrolls of remove curse {unknown}
 k - a scroll of immolation {unknown}
 l - a scroll of noise {unknown}
 n - a scroll of identify {unknown}
 p - a scroll of blinking {unknown}
Potions
 m - a potion of degeneration {unknown}
Books
 b - a book of Flames

   Spells                             Type                      Level
   a - Flame Tongue                   Conjuration/Fire             1
   b - Throw Flame                    Conjuration/Fire             2
   c - Conjure Flame                  Conjuration/Fire             3
   d - Inner Flame                    Hexes/Fire                   3
   e - Sticky Flame                   Conjuration/Fire             4
   f - Fireball                       Conjuration/Fire             5
Comestibles
 c - a bread ration


   Skills:
 - Level 1.5 Dodging
 - Level 1.5 Stealth
 * Level 2.2 Spellcasting
 * Level 2.0 Conjurations
 + Level 4.1 Fire Magic


You had 5 spell levels left.
You knew the following spells:

 Your Spells              Type           Power        Failure   Level  Hunger
a - Flame Tongue          Conj/Fire      ##...        6%          1    #......


Dungeon Overview and Level Annotations

Branches:
Dungeon (2/15)

Altars:
Nemelex Xobeh


Message History

Aiming: Flame Tongue
Press: ? - help, Shift-Dir - straight line, f/p - jelly
Aim: a jelly (moderately wounded)
The flame tongue hits the jelly.
The jelly is heavily wounded.
The jelly hits you but does no damage.
Casting: Flame Tongue
Confirm with . or Enter, or press ? or * to list all spells.
You don't have enough magic to cast that spell.
Unknown command.
You hit the jelly. You freeze the jelly.
Your hands burn!
* * * LOW HITPOINT WARNING * * *
The jelly is severely wounded.
The jelly misses you.
You barely miss the jelly.
The jelly is severely wounded.
The jelly hits you.
* * * LOW HITPOINT WARNING * * *
You are splashed with acid!
The acid burns!
You die...

##.###
##.....##
#.#
#.......#
#.#
#.......#
#.#
#.......#
#.#
#.......#
#.#
####....#
#.#
##..'....#
##.#
#.########
## #..#
##..@J..# #)
###(##
#######.# ##
)...########
⌠..........#
[.##########
⌠.# ..# ###
##### #)..#


You could see a jelly.

Vanquished Creatures
  An adder (D:2)
  2 dart slugs
  A ball python (D:2)
  3 giant cockroaches
  6 goblins
  5 hobgoblins
  2 jackals (D:2)
  5 bats
  A frilled lizard (D:2)
  12 kobolds
  2 rats (D:1)
40 creatures vanquished.

Vanquished Creatures (others)
  8 toadstools (D:2)
8 creatures vanquished.

Grand Total: 48 creatures vanquished

Notes
Turn   | Place    | Note
-------+----------+-------------------------------------------
     0 | D:1      | tilp the Hill Orc Fire Elementalist began the quest for the Orb.
     0 | D:1      | Reached XP level 1. HP: 14/14 MP: 3/3
   150 | D:1      | Reached XP level 2. HP: 9/20 MP: 0/4
  1010 | D:2      | Reached XP level 3. HP: 24/26 MP: 5/5
  1229 | D:2      | Reached skill level 4 in Fire Magic
  1682 | D:2      | Found a sparkling altar of Nemelex Xobeh.
  1748 | D:2      | Splashed by a jelly's acid

Skill      XL: |  1  2  3 |
---------------+----------+-----
Spellcasting   | 2 |  2.2
Fire Magic     | 4 |  4.1
Conjurations   | 2 |  2.0
Dodging        | |  1.5
Stealth        | |  1.5

Action                   || total
-------------------------++-------
Melee: Dagger            ||    22
       Unarmed           ||     1
       Short sword       ||    62
 Cast: Flame Tongue      ||    43
  Use: Potion            ||     1
 Stab: Sleeping          ||     2
  Eat: Chunk             ||     2
       Royal jelly       ||     1
Armor: Robe              ||    27
Dodge: Dodged            ||    75
